 Dungeon Crawl Stone Soup version 0.27-a0-1137-g3ef0f4ec91 (webtiles) character file.

Game seed: 5082396045731017771

406001 leviel the Slayer (level 22, -5/224 HPs)
             Began as a Minotaur Fighter on May 6, 2021.
             Was an Elder of the Shining One.
             Slain by an ettin
             ... wielding a +0 dire flail of holy wrath
              (9 damage)
             ... on level 5 of the Vaults.
             The game lasted 02:03:24 (51279 turns).

leviel the Slayer (Minotaur Fighter)               Turns: 51279, Time: 02:03:25

Health: -5/224     AC: 36    Str: 22    XL:     22   Next: 37%
Magic:  33/33      EV: 12    Int:  5    God:    the Shining One [****..]
Gold:   4090       SH: 20    Dex: 17    Spells: 21/21 levels left

rFire    + + .     SeeInvis +   a - +8 war axe (holy)
rCold    + . .     Faith    .   F - +2 kite shield {rF+}
rNeg     + + +     Spirit   .   k - +6 plate armour
rPois    +         Reflect  .   o - +2 hat
rElec    +         Harm     .   z - +0 cloak
rCorr    +         Rampage  .   A - +0 pair of gloves
Will     ++++.     Clarity  +   h - +2 pair of boots {Fly}
Stlth    ..........             I - amulet of the Four Winds {rN+ Will+++ Clar}
HPRegen  0.47/turn              u - ring of see invisible
MPRegen  0.23/turn              d - ring of resist corrosion

@: silenced, resistant, flying, slowed, glowing, very slow
A: horns 2, retaliatory headbutt, large bone plates 1, camouflage 1, weak 1
}: 2/15 runes: decaying, serpentine
a: Renounce Religion


You were on level 5 of the Vaults.
You worshipped the Shining One.
The Shining One was greatly pleased with you.
You visited 7 branches of the dungeon, and saw 39 of its levels.
You visited the Abyss 2 times.
You also visited: Bailey and Ice Cave.

You collected 5359 gold pieces.
You spent 1269 gold pieces at shops.

Inventory:

Hand Weapons
 a - a +8 war axe of holy wrath (weapon)
 b - a +6 hand axe of flaming
 U - a +3 broad axe of freezing
Missiles
 r - 2 datura-tipped darts (quivered)
 C - 2 curare-tipped darts
 V - 7 javelins
Armour
 h - a +2 pair of boots of flying (worn)
 k - a +6 plate armour (worn)
 o - a +2 hat (worn)
 z - a +0 cloak (worn)
 A - a +0 pair of gloves (worn)
 F - a +2 kite shield of fire resistance (worn)
Jewellery
 d - a ring of resist corrosion (right hand)
 l - a ring of protection from cold
 q - an amulet of regeneration
 u - a ring of see invisible (left hand)
 x - an amulet of the acrobat
 B - a ring of poison resistance
 I - the amulet of the Four Winds (around neck) {rN+ Will+++ Clar}
   (You took it off a deep elf pyromancer on level 3 of the Elven Halls)

   [amulet of nothing]

   It protects you from negative energy.
   It protects you against confusion.
   It greatly increases your willpower.
 L - a ring of willpower
Wands
 c - a wand of acid (10)
 w - a wand of flame (95)
 y - a wand of mindburst (47)
 E - a wand of paralysis (19)
 K - a wand of charming (9)
 N - a wand of iceblast (18)
 S - a wand of digging (8)
 T - a wand of polymorph (15)
Scrolls
 e - 9 scrolls of teleportation
 i - 7 scrolls of fog
 j - 8 scrolls of immolation
 D - a scroll of fear
 G - 15 scrolls of identify
 R - 3 scrolls of amnesia
Potions
 f - 5 potions of lignification
 n - 5 potions of ambrosia
 p - 2 potions of berserk rage
 s - 3 potions of mutation
 H - 3 potions of brilliance
 M - 2 potions of resistance
 W - 3 potions of cancellation
Miscellaneous
 g - a phial of floods
 t - a lightning rod (4/4)
 J - a box of beasts


   Skills:
 - Level 24.5 Fighting
 - Level 18.0 Axes
 + Level 0.9 Throwing
 + Level 22.6 Armour
 + Level 7.5 Dodging
 - Level 0.3 Stealth
 - Level 15.0 Shields
 - Level 16.1 Invocations
 - Level 12.4 Evocations


You had 21 spell levels left.
You didn't know any spells.
Your spell library contained the following spells:

 Spells                   Type           Power      Damage    Failure   Level
 Beastly Appendage        Tmut           0%         N/A       96%         1
 Corona                   Hex            0%         N/A       96%         1
 Foxfire                  Conj/Fire      0%         2x1d4     96%         1
 Sandblast                Erth           0%         2d4       96%         1
 Shock                    Conj/Air       0%         1d3       96%         1
 Ensorcelled Hibernation  Hex/Ice        0%         N/A       99%         2
 Passwall                 Tmut/Erth      0%         N/A       99%         2
 Poisonous Vapours        Pois/Air       0%         N/A       99%         2
 Slow                     Hex            0%         N/A       99%         2
 Static Discharge         Conj/Air       0%         N/A       99%         2
 Wereblood                Tmut           0%         N/A       99%         2
 Call Canine Familiar     Summ           0%         N/A       100%        3
 Confusing Touch          Hex            0%         N/A       100%        3
 Conjure Flame            Conj/Fire      0%         6-21      100%        3
 Dazzling Flash           Conj/Hex       0%         N/A       100%        3
 Gell's Gravitas          Tloc           0%         N/A       100%        3
 Ignite Poison            Fire/Tmut/Pois 0%         N/A       100%        3
 Inner Flame              Hex/Fire       0%         N/A       100%        3
 Portal Projectile        Hex/Tloc       0%         N/A       100%        3
 Spider Form              Tmut/Pois      0%         N/A       100%        3
 Stone Arrow              Conj/Erth      0%         3d7       100%        3
 Summon Guardian Golem    Hex/Summ       0%         N/A       100%        3
 Swiftness                Air            0%         N/A       100%        3
 Tukima's Dance           Hex            0%         N/A       100%        3
 Airstrike                Air            0%         N/A       100%        4
 Animate Armour           Summ/Erth      0%         N/A       100%        4
 Cause Fear               Hex            0%         N/A       100%        4
 Ice Form                 Ice/Tmut       0%         N/A       100%        4
 Leda's Liquefaction      Hex/Erth       0%         N/A       100%        4
 Passage of Golubria      Tloc           N/A        N/A       100%        4
 Petrify                  Tmut/Erth      0%         N/A       100%        4
 Sticky Flame             Conj/Fire      0%         2d3       100%        4
 Summon Ice Beast         Ice/Summ       0%         N/A       100%        4
 Bolt of Magma            Conj/Fire/Erth 0%         4d4       100%        5
 Fireball                 Conj/Fire      0%         3d3       100%        5
 Hydra Form               Tmut           0%         N/A       100%        5
 Irradiate                Conj/Tmut      0%         3d13      100%        5
 Iskenderun's Battlesphe  Conj           0%         2d6       100%        5
 Lee's Rapid Deconstruct  Erth           0%         3d5*      100%        5
 Lightning Bolt           Conj/Air       0%         1d11      100%        5
 Manifold Assault         Tloc           0%         N/A       100%        5
 Silence                  Hex/Air        0%         N/A       100%        5
 Yara's Violent Unravell  Hex/Tmut       0%         3d3       100%        5
 Conjure Ball Lightning   Conj/Air       0%         3x3d6     100%        6
 Dispersal                Tloc           0%         N/A       100%        6
 Eringya's Noxious Bog    Tmut/Pois      0%         N/A       100%        6
 Freezing Cloud           Conj/Ice/Air   0%         6-21      100%        6
 Iron Shot                Conj/Erth      0%         9d1       100%        6
 Simulacrum               Ice/Necr       0%         N/A       100%        6
 Starburst                Conj/Fire      0%         8x6d3     100%        6
 Statue Form              Tmut/Erth      0%         N/A       100%        6
 Orb of Destruction       Conj           0%         N/A       100%        7
 Ozocubu's Refrigeration  Ice            0%         4d5       100%        7
 Spellforged Servitor     Conj/Summ      0%         N/A       100%        7
 Discord                  Hex            0%         N/A       100%        8
 Disjunction              Tloc           0%         N/A       100%        8
 Ignition                 Fire           0%         3d3       100%        8
 Shatter                  Erth           0%         3d5*      100%        9


Dungeon Overview and Level Annotations

Branches:
Dungeon (15/15)            Temple (0/1) D:6            Lair (6/6) D:10
  Swamp (4/4) Lair:2        Snake (4/4) Lair:4          Orc (2/2) D:11
    Elf (3/3) Orc:2        Vaults (5/5) D:14          Crypt (0/3) Vaults:3
 Depths (0/5) D:15         Bailey (visited)           IceCv (visited)
  Slime: Lair:5-6

Altars:
Elyvilon
Kikubaaqudgha
Makhleb
Nemelex Xobeh
Okawaru
Qazlal
Ru
Sif Muna
Uskayaw
Vehumet
Xom
Zin
The Shining One
Beogh

Shops:
Orc:2 *:((   Elf:1 !

Annotations:
D:9 1 runed translucent door, indyram44's ghost, novice DsFi
D:10 2 runed translucent doors, exclusion: orange crystal statue
Lair:6 exclusions: ice statue and 3 oklob plants
Vaults:1 3 runed translucent doors, Moagi's ghost, adept GnSk


Innate Abilities, Weirdness & Mutations

You have a pair of horns on your head.
You reflexively headbutt those who attack you in melee.
You are partially covered in large bone plates. (SH +4)
Your skin changes colour to match your surroundings (Stealth+).
You are weak. (Str -2)


Message History

You headbutt the stone giant, but do no damage.
The Tzitzimitl closely misses you.
The Tzitzimitl bites you but does no damage.
You hit the stone giant but do no damage.
The stone giant is severely wounded.
You hit the Tzitzimitl but do no damage.
The emperor scorpion changes into a hydra!
You block the Tzitzimitl's attack. x2
The stone giant hits you but does no damage.
You slash the stone giant! You headbutt the stone giant.
The stone giant is almost dead.
You closely miss the Tzitzimitl. You block the stone giant's attack.
The Tzitzimitl engulfs you but does no damage.
The Tzitzimitl barely misses you.
Unknown command.
You slash the stone giant!
You headbutt the stone giant, but do no damage.
The stone giant is almost dead.
You slash the Tzitzimitl!
The Tzitzimitl convulses!
The stone giant hits you but does no damage.
The Tzitzimitl calls on the powers of darkness!
Your body is wracked with pain!
* * * LOW HITPOINT WARNING * * *
The eight-headed hydra convulses!
The stone giant convulses!
The ettin convulses!
The deep elf demonologist convulses!
The yaktaur captain convulses!
The shadow dragon convulses!
The titan convulses!
The yaktaur captain convulses!
You slash the stone giant!
You kill the stone giant!
You hit the Tzitzimitl but do no damage.
You block the Tzitzimitl's attack. The Tzitzimitl bites you!
* * * LOW HITPOINT WARNING * * *
Okay, then.
Okay, then.
You feel better. You block the ettin's attack.
The ettin hits you with a +0 dire flail!
* * * LOW HITPOINT WARNING * * *
You block the Tzitzimitl's attack. The Tzitzimitl closely misses you.
The ettin hits you with a +0 dire flail of holy wrath!
You die...

#.# #.# #.# #.#
..# #.# #C# #@#
#1# #L# #D#
#2#....# .#
#e#....#...
##c#....#...
......cDO.....p..
#######4.......##


You could see a shadow dragon, an ancient lich (fast), a Tzitzimitl (summoned),
2 yaktaur captains, an eight-headed hydra shaped shifter, an ettin, an ogre mage
(invisible), a deep elf demonologist and a hellion (summoned).

Vanquished Creatures
  2 dread liches (Vaults:4)
  Mara (Vaults:2)
  Jory (Vaults:2)
  A bone dragon (Abyss:2)
  Jorgrun (D:15)
  2 tentacled monstrosities
  A titan (Vaults:4)
  Rupert (D:15)
  A lich (Abyss:2)
  A deep elf blademaster (Elf:3)
  The ghost of freelancePsychic the Eclecticist, an adept DjFE of Elyvilon (Swamp:1)
  A tentacled starspawn (Abyss:2)
  A thorn hunter (Swamp:4)
  3 shadow dragons (Vaults:4)
  3 nagarajas
  A tengu reaver (Vaults:5)
  5 fenstrider witches
  Donald (Swamp:2)
  3 orc warlords
  Aizul (Swamp:1)
  6 deep elf sorcerers (Elf:3)
  A frost giant (IceCv)
  2 fire giants
  13 vault wardens
  A stone giant (Vaults:5)
  2 ghouls (Swamp:4)
  5 deep elf elementalists (Elf:3)
  4 war gargoyles
  5 very ugly things
  4 ironbound preservers
  2 vampire knights (D:13)
  5 deep elf demonologists
  A lorocyproca (Abyss:2)
  7 deep elf annihilators
  A minotaur (shapeshifter) (Elf:1)
  5 entropy weavers (Vaults:4)
  4 bunyips
  An eidolon (Abyss:2)
  2 deep elf death magi (Elf:3)
  2 ettins (Vaults:4)
  A crystal guardian (Vaults:3)
  2 blizzard demons (Swamp:4)
  2 shambling mangroves (Swamp:4)
  8 eleionomae
  2 ice dragons (Lair:6)
  4 deep elf high priests (Elf:3)
  2 great orbs of eyes
  12 naga warriors
  A green death (Abyss:2)
  Fannar (D:10)
  5 ironbound thunderhulks
  Harold (D:8)
  2 peacekeepers
  4 salamander tyrants
  5 boulder beetles
  3 yaktaur captains
  19 hydras
  24 vault guards
  11 centaur warriors
  6 ironbound frosthearts
  Erolcha (D:12)
  10 anacondas
  A catoblepas (D:10)
  An ogre mage (Swamp:4)
  A death knight (D:15)
  27 dancing weapons
  2 tengu warriors (D:13)
  5 two-headed ogres
  An ironbound beastmaster (Vaults:1)
  11 alligators
  2 thrashing horrors (Abyss:2)
  A spriggan berserker (Swamp:1)
  6 death yaks
  4 orc high priests
  2 hell knights (Vaults:4)
  2 soul eaters (Swamp:4)
  A salamander mystic (Snake:4)
  15 deep elf knights
  9 naga sharpshooters
  8 shock serpents
  3 wretched stars (Abyss:2)
  10 skeletal warriors
  2 death drakes (Swamp:4)
  2 sixfirhies
  2 sea snakes (Snake:1)
  2 spatial maelstroms (Abyss:2)
  10 spriggan druids
  3 goliath frogs
  A glowing orange brain (shapeshifter) (D:14)
  10 deep elf archers
  3 swamp dragons
  12 large abominations (Abyss:2)
  12 ironbound convokers
  3 lindwurms
  17 deep trolls
  A bog body (Swamp:2)
  Pikel (D:7)
  2 naga ritualists
  9 wizards
  28 deep elf pyromancers
  2 phantasmal warriors
  A harpy (Vaults:1)
  23 deep elf zephyrmancers
  5 mana vipers
  A wolf spider (Lair:6)
  2 oklob plants
  29 orc knights
  A mana viper (shapeshifter) (Elf:2)
  10 ugly things
  3 necromancers
  3 will-o-the-wisps
  6 orc sorcerers
  A worldbinder (Abyss:2)
  A cyclops (shapeshifter) (Vaults:4)
  2 manticores (D:10)
  33 salamanders
  6 cyclopes
  Maurice (D:11)
  20 black mambas
  4 smoke demons (Abyss:2)
  14 vault sentinels
  11 elephants
  11 guardian serpents
  18 cane toads
  10 gargoyles
  3 orange demons (Swamp:4)
  8 naga magi
  2 unseen horrors
  An unseen horror (shapeshifter) (D:10)
  5 torpor snails (Lair:6)
  4 komodo dragons
  3 efreet
  6 freezing wraiths
  10 yaktaurs
  3 rime drakes
  2 demonic crawlers (Abyss:2)
  An ice devil (Abyss:2)
  An ancient zyme (Abyss:2)
  4 hellwings
  A jumping spider (shapeshifter) (D:14)
  4 trolls
  A meliai (shapeshifter) (Elf:1)
  21 polar bears
  A harpy skeleton (Abyss:2)
  A queen bee (D:11)
  A wind drake (shapeshifter) (D:14)
  22 hornets
  16 tyrant leeches
  6 raiju (Abyss:2)
  16 slime creatures
  20 blink frogs
  A blink frog (shapeshifter) (D:13)
  A meliai zombie (D:10)
  A flying skull (Abyss:2)
  4 air elementals
  A vampire (D:13)
  A tarantella (Vaults:4)
  3 centaur simulacra
  12 spriggans
  A shadow (D:9)
  5 water elementals
  A hog (shapeshifter) (D:14)
  8 redbacks
  2 wraiths
  5 neqoxecs
  11 wyverns
  52 yaks
  A golden eye (shapeshifter) (D:14)
  10 vampire mosquitoes
  6 basilisks
  2 fire elementals
  3 chaos spawn (Swamp:4)
  4 steam dragons
  17 swamp worms
  3 acid dragons
  3 wargs (Orc:1)
  46 nagas
  A spatial vortex (Abyss:2)
  28 water moccasins
  Duvessa (D:6)
  3 sky beasts
  5 swamp drakes
  3 black bears
  10 ice beasts
  72 orc warriors
  7 starcursed masses (Abyss:2)
  7 ogres
  2 necrophages
  19 wolves
  3 lemures (D:7)
  21 centaurs
  A kobold brigand (D:11)
  13 bullfrogs
  2 gnoll sergeants
  6 scorpions
  6 earth elementals
  3 small abominations (Abyss:2)
  A water moccasin skeleton (D:4)
  A wyvern skeleton (D:7)
  Dowan (D:6)
  37 killer bees
  5 wights
  3 howler monkeys
  4 electric eels
  7 centaur zombies
  7 jellies
  A lava snake (D:10)
  2 hounds
  26 orc priests
  A bullfrog skeleton (D:4)
  4 centaur skeletons
  5 iguanas
  15 orc wizards
  A killer bee zombie (D:7)
  2 howler monkey zombies (D:10)
  21 gnolls
  A howler monkey skeleton (D:4)
  7 adders
  2 shadow imps
  7 white imps
  2 ufetubi
  An adder skeleton (D:4)
  2 worms
  3 dart slugs
  61 orcs
  25 endoplasms
  4 giant cockroaches
  11 hobgoblins
  8 jackals
  4 quokkas (D:1)
  5 ball pythons
  6 bats
  5 frilled lizards
  15 goblins
  28 kobolds
  7 rats
  6 briar patches (Swamp:4)
  A starspawn tentacle (Abyss:2)
1616 creatures vanquished.

Vanquished Creatures (collateral kills)
  Margery (Vaults:4)
  Bai Suzhen (Swamp:4)
  Nikola (Vaults:1)
  A vault warden (Vaults:4)
  An ironbound preserver (Vaults:1)
  2 war gargoyles
  2 deep elf annihilators (Elf:3)
  2 naga sharpshooters (Snake:4)
  2 hell knights (Vaults:4)
  A deep elf knight (Elf:3)
  A deep troll (Vaults:1)
  A naga ritualist (Snake:4)
  A deep elf archer (Elf:3)
  4 deep elf pyromancers (Elf:3)
  2 ironbound convokers
  3 orc knights
  3 deep elf zephyrmancers (Elf:3)
  2 mana vipers (Snake:4)
  2 salamanders (Snake:4)
  A vault sentinel (Vaults:2)
  A naga mage (Snake:4)
  A fire elemental (Elf:3)
  2 nagas (Snake:4)
  An orc warrior (Vaults:1)
  An earth elemental (Elf:3)
  An orc (Vaults:1)
41 creatures vanquished.

Vanquished Creatures (others)
  An ogre mage (Swamp:4)
  A deep elf archer (Elf:1)
  A deep elf zephyrmancer (Elf:1)
  An orange demon (Swamp:4)
  2 bloated husks
  A water elemental (Elf:1)
  A swamp worm (Swamp:1)
  An orc warrior (Vaults:1)
  A small abomination (Abyss:2)
  A briar patch (Swamp:4)
  28 foxfires
  58 fungi
  92 plants
  2 starspawn tentacles (Abyss:2)
191 creatures vanquished.

Grand Total: 1848 creatures vanquished

Notes
Turn   | Place    | Note
-------+----------+-------------------------------------------
     0 | D:1      | leviel the Minotaur Fighter began the quest for the Orb.
     0 | D:1      | Reached XP level 1. HP: 19/19 MP: 0/0
   178 | D:1      | Reached skill level 4 in Fighting
   178 | D:1      | Reached XP level 2. HP: 22/27 MP: 1/1
   584 | D:1      | Reached XP level 3. HP: 33/33 MP: 2/2
   734 | D:1      | Found a faded altar of an unknown god.
   972 | D:2      | Found an ancient bone altar of Kikubaaqudgha.
  1272 | D:2      | Reached XP level 4. HP: 37/41 MP: 3/3
  1954 | D:3      | Reached XP level 5. HP: 47/47 MP: 4/4
  2148 | D:4      | Reached skill level 5 in Fighting
  2181 | D:4      | Reached skill level 5 in Axes
  2415 | D:4      | Reached skill level 5 in Shields
  2415 | D:4      | Reached XP level 6. HP: 56/56 MP: 5/5
  2821 | D:4      | Reached XP level 7. HP: 61/61 MP: 6/6
  3536 | D:5      | Entered Level 5 of the Dungeon
  3673 | D:5      | Reached skill level 6 in Fighting
  3673 | D:5      | Reached skill level 5 in Armour
  3749 | D:5      | Found a glowing golden altar of the Shining One.
  3797 | D:5      | Reached XP level 8. HP: 56/71 MP: 7/7
  3860 | D:5      | Found a shimmering blue altar of Sif Muna.
  3948 | D:5      | Became a worshipper of the Shining One
  4028 | D:6      | Found a staircase to the Ecumenical Temple.
  4145 | D:6      | Reached skill level 7 in Fighting
  4165 | D:6      | Noticed Dowan
  4165 | D:6      | Noticed Duvessa
  4188 | D:6      | Killed Dowan
  4293 | D:6      | Killed Duvessa
  4294 | D:6      | Reached skill level 1 in Dodging
  4525 | D:6      | Found a stormy altar of Qazlal.
  4695 | D:7      | Reached * piety under the Shining One
  4706 | D:7      | Reached XP level 9. HP: 81/81 MP: 8/8
  4836 | D:7      | Found a white marble altar of Elyvilon.
  4876 | D:7      | Reached skill level 8 in Fighting
  4944 | D:7      | Noticed Pikel
  4961 | D:7      | Killed Pikel
  4962 | D:7      | Reached skill level 10 in Axes
  5120 | D:7      | Found a burning altar of Makhleb.
  5120 | D:7      | Found a glowing silver altar of Zin.
  5121 | D:7      | Noticed an angel
  5121 | D:7      | Reached ** piety under the Shining One
  5121 | D:7      | Noticed a green death
  5138 | D:7      | Reached skill level 9 in Fighting
  5401 | D:7      | Found an iron altar of Okawaru.
  5472 | D:8      | Found a flagged portal.
  5486 | Bailey   | Entered a bailey
  5526 | Bailey   | Found an iron altar of Okawaru.
  5546 | Bailey   | Reached XP level 10. HP: 91/91 MP: 9/9
  5568 | Bailey   | Gained mutation: You evolve. [potion of mutation]
  5568 | Bailey   | Gained mutation: Your system is resistant to poisons.
                  | (rPois) [potion of mutation]
  5850 | D:8      | Noticed Harold
  5872 | D:8      | Killed Harold
  5873 | D:8      | Reached skill level 1 in Evocations
  5995 | D:8      | Found a sparkling altar of Nemelex Xobeh.
  6066 | D:8      | Found a sacrificial altar of Ru.
  6600 | D:9      | Found a runed translucent door.
  6601 | D:9      | Found a shimmering altar of Xom.
  6601 | D:9      | Noticed indyram44's ghost (novice DsFi)
  6601 | D:9      | Noticed a +5 quarterstaff of chaos
  6861 | D:9      | Reached skill level 10 in Shields
  6867 | D:9      | Reached skill level 10 in Fighting
  6949 | D:9      | Found a radiant altar of Vehumet.
  7454 | D:10     | Entered Level 10 of the Dungeon
  7529 | D:10     | Found a staircase to the Lair.
  7556 | D:10     | Reached skill level 1 in Invocations
  7556 | D:10     | Reached XP level 11. HP: 99/101 MP: 10/10
  7781 | D:10     | Noticed Fannar
  7798 | D:10     | Killed Fannar
  7799 | D:10     | Reached skill level 11 in Fighting
  7861 | D:10     | Noticed a two-headed ogre
  7870 | D:10     | Killed a two-headed ogre
  7993 | D:10     | Noticed a skeletal warrior
  7993 | D:10     | Reached *** piety under the Shining One
  7995 | D:10     | Noticed a catoblepas
  7995 | D:10     | Noticed a two-headed ogre
  7996 | D:10     | Found a runed translucent door.
  7996 | D:10     | Found a runed translucent door.
  8002 | D:10     | Killed a two-headed ogre
  8026 | D:10     | Found a runed translucent door.
  8028 | D:10     | Noticed a boulder beetle
  8028 | D:10     | Noticed an orc knight
  8041 | D:10     | Killed an orc knight
  8063 | D:10     | Killed a boulder beetle
  8169 | D:10     | Reached skill level 12 in Fighting
  8263 | D:10     | Identified the Guide on Changing and Lightness
  8344 | D:10     | Gained mutation: Your skin changes colour to match your
                  | surroundings (Stealth+). [evolution]
  8398 | D:10     | Killed a skeletal warrior
  8399 | D:10     | Reached XP level 12. HP: 101/112 MP: 13/13
  8418 | D:10     | Killed a catoblepas
  8684 | D:10     | Reached **** piety under the Shining One
  9259 | D:11     | Found a glowing silver altar of Zin.
  9298 | D:11     | Noticed a boulder beetle
  9339 | D:11     | Killed a boulder beetle
  9382 | D:11     | Lost mutation: Your system is resistant to poisons. (rPois)
                  | [evolution]
  9388 | D:11     | Noticed a boulder beetle
  9405 | D:11     | Found a hide-covered altar of Uskayaw.
  9429 | D:11     | Killed a boulder beetle
  9708 | D:11     | Noticed Maurice
  9717 | D:11     | Killed Maurice
  9721 | D:11     | Found a staircase to the Orcish Mines.
 10060 | D:11     | Reached skill level 10 in Armour
 10291 | D:12     | Noticed a seven-headed hydra
 10301 | D:12     | Killed a one-headed hydra
 10358 | D:12     | Reached skill level 5 in Evocations
 10443 | D:12     | Reached skill level 5 in Invocations
 10561 | D:12     | Reached skill level 13 in Fighting
 10762 | D:12     | Noticed a two-headed ogre
 10772 | D:12     | Killed a two-headed ogre
 10773 | D:12     | Reached XP level 13. HP: 122/122 MP: 15/15
 11052 | D:12     | Noticed a war gargoyle
 11073 | D:12     | Killed a war gargoyle
 11154 | D:12     | Noticed Erolcha
 11155 | D:12     | Cast into level 2 of the Abyss (Erolcha)
 11215 | Abyss:2  | Noticed an eidolon
 11233 | Abyss:2  | Killed an eidolon
 11343 | Abyss:2  | Reached ***** piety under the Shining One
 11348 | Abyss:2  | Noticed a lorocyproca
 11373 | Abyss:2  | Killed a lorocyproca
 11485 | D:12     | Escaped the Abyss
 11490 | D:12     | Killed Erolcha
 11717 | Lair:1   | Entered Level 1 of the Lair of Beasts
 11842 | Lair:1   | Reached skill level 14 in Fighting
 11882 | Lair:1   | Found the +9 sword of Zonguldrok {reap}
 11965 | Lair:1   | Lost mutation: You evolve. [evolution]
 12768 | Lair:2   | Found a staircase to the Swamp.
 13627 | Lair:3   | Reached XP level 14. HP: 133/133 MP: 18/18
 14280 | Lair:4   | Found a staircase to the Snake Pit.
 14633 | Lair:4   | Reached skill level 15 in Fighting
 14685 | Lair:4   | Identified a scroll of acquirement
 14685 | Lair:4   | Acquired a manual of Invocations
 15193 | Lair:5   | You fall into a shaft and drop 1 floor!
 15193 | Lair:6   | Entered Level 6 of the Lair of Beasts
 15596 | Lair:6   | Identified the +1 war axe of Eternal War {pain, Will+ rCorr
                  | Dex-3}
 15617 | Lair:6   | Reached skill level 16 in Fighting
 15728 | Lair:6   | Reached ****** piety under the Shining One
 15836 | Lair:6   | Found a frozen archway.
 15876 | IceCv    | Entered an ice cave
 16020 | IceCv    | Reached XP level 15. HP: 138/144 MP: 20/20
 16257 | IceCv    | Noticed a frost giant
 16306 | IceCv    | Killed a frost giant
 17566 | Lair:6   | Found a runed translucent door.
 17893 | Lair:6   | Paralysed by a hornet for 1 turns
 18200 | Lair:5   | Reached skill level 17 in Fighting
 18220 | Lair:5   | You fall into a shaft and drop 1 floor!
 18432 | Orc:1    | Entered Level 1 of the Orcish Mines
 18445 | Orc:1    | Reached skill level 10 in Invocations
 18556 | Orc:2    | Entered Level 2 of the Orcish Mines
 18861 | Orc:2    | Reached skill level 15 in Shields
 19264 | Orc:2    | Found a staircase to the Elven Halls.
 19453 | Orc:2    | Found Korus's Book Shop.
 19453 | Orc:2    | Found Hyom's Weapon Shoppe.
 19455 | Orc:2    | Found Duaned's Antique Weapon Emporium.
 19457 | Orc:2    | Found Ylougo Komm's General Store.
 19469 | Orc:2    | Bought a +2 pair of boots of flying for 387 gold pieces
 20349 | D:13     | You are sucked into a shaft and drop 2 floors!
 20349 | D:15     | Entered Level 15 of the Dungeon
 20460 | D:14     | Found a gate to the Vaults.
 20874 | D:14     | Found a burning altar of Makhleb.
 21215 | D:13     | Found the +8 Vampire's Tooth {vamp}
 21235 | D:13     | Paralysed by a vampire knight for 2 turns
 21872 | D:13     | Reached skill level 18 in Fighting
 21872 | D:13     | Reached XP level 16. HP: 139/157 MP: 23/23
 22556 | D:15     | Noticed Rupert
 22558 | D:15     | Paralysed by Rupert for 5 turns
 22576 | D:15     | Killed Rupert
 23079 | D:15     | Found a staircase to the Depths.
 23136 | D:15     | Noticed Jorgrun
 23163 | D:15     | Killed Jorgrun
 23592 | Elf:1    | Entered Level 1 of the Elven Halls
 23611 | Elf:1    | Reached skill level 19 in Fighting
 23619 | Elf:1    | Found a radiant altar of Vehumet.
 23932 | Elf:1    | Identified the Almanac of Might
 25190 | Elf:1    | Found Coggurid's Distillery.
 25198 | Elf:1    | Bought 2 potions of curing for 108 gold pieces
 25198 | Elf:1    | Bought a potion of curing for 54 gold pieces
 25198 | Elf:1    | Bought a potion of might for 72 gold pieces
 25198 | Elf:1    | Bought a potion of curing for 54 gold pieces
 25198 | Elf:1    | Bought a potion of resistance for 180 gold pieces
 25198 | Elf:1    | Bought a potion of haste for 180 gold pieces
 25198 | Elf:1    | Bought a potion of curing for 54 gold pieces
 25198 | Elf:1    | Bought a potion of resistance for 180 gold pieces
 25222 | Elf:1    | Noticed an Ice Fiend
 25606 | Elf:1    | Identified the +0 chain mail "Venwan" {rF+ Will- SInv}
 25683 | Elf:2    | Reached skill level 20 in Fighting
 26156 | Elf:2    | Reached XP level 17. HP: 148/170 MP: 25/25
 26220 | Elf:2    | Reached skill level 15 in Armour
 26390 | Elf:2    | Found a runed translucent gate.
 26390 | Elf:2    | Found a runed translucent gate.
 26390 | Elf:2    | Found a runed translucent gate.
 26565 | Elf:3    | Entered Level 3 of the Elven Halls
 27482 | Elf:1    | HP: 8/258 [+4 triple sword of flaming (5)]
 27487 | Elf:1    | HP: 10/258 [+4 triple sword of flaming (11)]
 27489 | Elf:1    | HP: 4/258 [+4 triple sword of flaming (5)]
 27494 | Elf:1    | The Shining One protects you from harm!
 27494 | Elf:1    | HP: 5/172 [+4 triple sword of flaming (1)]
 28283 | Elf:3    | Reached skill level 21 in Fighting
 28631 | Elf:3    | Noticed a deep elf blademaster
 28677 | Elf:3    | Killed a deep elf blademaster
 29078 | Elf:3    | Identified a +7 war axe of holy wrath (a +5 war axe of
                  | distortion blessed by the Shining One)
 29078 | Elf:3    | Received a gift from the Shining One
 30178 | Elf:3    | Identified the +9 long sword "Wyiwarre" {vamp, Fly rElec
                  | rPois Str-3}
 30178 | Elf:3    | Identified the +10 plate armour "Widwimif" {Drain Fly rF+
                  | rCorr}
 30191 | Elf:3    | Cast into level 2 of the Abyss (a deep elf sorcerer)
 30406 | Abyss:2  | Noticed a lich
 30424 | Abyss:2  | Killed a lich
 30436 | Abyss:2  | Gained mutation: You are partially covered in large bone
                  | plates. (SH +4) [a neqoxec]
 30485 | Abyss:2  | Noticed a bone dragon
 30493 | Abyss:2  | Killed a bone dragon
 30494 | Abyss:2  | Reached XP level 18. HP: 165/165 MP: 27/27
 30509 | Abyss:2  | Reached skill level 22 in Fighting
 30620 | Abyss:2  | Found a runed translucent door.
 30708 | Elf:3    | Escaped the Abyss
 30760 | Elf:3    | Identified the +8 quarterstaff "Wisac" {drain, rElec rF+}
 30762 | Elf:3    | Noticed an Ice Fiend
 31642 | Elf:3    | Identified the Grimoire of Venom and Clay
 31646 | Elf:3    | Reached skill level 15 in Invocations
 31694 | Elf:3    | Identified the +9 fustibalus "Cysistrar" {speed, rC+}
 32585 | Swamp:1  | Entered Level 1 of the Swamp
 33043 | Swamp:1  | Found a runed translucent door.
 33050 | Swamp:1  | Noticed freelancePsychic's ghost (adept DjFE)
 33055 | Swamp:1  | Identified the +8 trident "Tuzy" {flame, +Rage rPois rC-
                  | rN+}
 33133 | Swamp:1  | Killed freelancePsychic's ghost
 33143 | Swamp:1  | Identified the ring of Agicw {rN+ rCorr}
 33730 | Swamp:2  | Noticed Aizul
 33787 | Swamp:1  | Killed Aizul
 34089 | Swamp:2  | Reached skill level 23 in Fighting
 34340 | Swamp:2  | Noticed Donald
 34362 | Swamp:2  | Killed Donald
 36100 | Swamp:4  | Entered Level 4 of the Swamp
 36105 | Swamp:4  | Reached XP level 19. HP: 195/195 MP: 29/29
 36927 | Swamp:4  | Reached skill level 24 in Fighting
 37111 | Swamp:4  | Gained mutation: You are weak. (Str -2) [a neqoxec]
 37208 | Swamp:4  | Noticed Bai Suzhen
 37237 | Swamp:4  | HP: 5/198 [thorn hunter/volley of thorns (45)]
 37745 | Swamp:4  | Killed Bai Suzhen
 38409 | Swamp:4  | Got a decaying rune of Zot
 38677 | Snake:1  | Entered Level 1 of the Snake Pit
 39790 | Snake:3  | Identified the +6 scale mail of Jotekk {rC+ Str+2 Int-2}
 39933 | Snake:3  | Found a sacrificial altar of Ru.
 40305 | Snake:4  | Entered Level 4 of the Snake Pit
 40878 | Snake:4  | Reached skill level 15 in Axes
 40902 | Snake:3  | HP: 4/200 [shock serpent/electric aura (19)]
 41371 | Snake:3  | Reached XP level 20. HP: 196/207 MP: 31/31
 42609 | Snake:4  | HP: 8/207 [naga sharpshooter/splash of poison (3)]
 44734 | Snake:4  | Got a serpentine rune of Zot
 45313 | Vaults:1 | Entered Level 1 of the Vaults
 45358 | Vaults:1 | Reached skill level 5 in Dodging
 45423 | Vaults:1 | Noticed Nikola
 45435 | Vaults:1 | Killed Nikola
 45436 | Vaults:1 | Reached skill level 10 in Evocations
 46989 | Vaults:1 | Found a runed translucent gate.
 46989 | Vaults:1 | Found a runed translucent gate.
 46989 | Vaults:1 | Found a runed translucent gate.
 47042 | Vaults:1 | Noticed Moagi's ghost (adept GnSk)
 47225 | Vaults:2 | Noticed Jory
 47251 | Vaults:2 | Killed Jory
 47749 | Vaults:2 | Reached XP level 21. HP: 167/215 MP: 32/32
 48063 | Vaults:2 | Noticed Mara
 48066 | Vaults:2 | Noticed leviel's illusion
 48072 | Vaults:2 | Killed Mara
 49642 | Vaults:4 | Noticed Margery
 49659 | Vaults:4 | Killed Margery
 49731 | Vaults:4 | Identified the +4 scimitar "Xem Zefu" {vorpal, MP-9 Int+5}
 49743 | Vaults:5 | Entered Level 5 of the Vaults
 50003 | Vaults:4 | Reached XP level 22. HP: 86/224 MP: 33/33
 50683 | Vaults:5 | Noticed an ancient lich
 50686 | Vaults:5 | Noticed a dread lich
 51148 | Vaults:5 | Noticed a dread lich
 51157 | Vaults:4 | Killed a dread lich
 51181 | Vaults:4 | Killed a dread lich
 51278 | Vaults:5 | HP: 3/224 [Tzitzimitl[a deep elf demonologist] (11)]
 51279 | Vaults:5 | Slain by an ettin

Illustrated notes

Levels and vault maps discovered:
D:1:      lemuel_arrival_funnel, layout_basic,
          shapermc_ecumenical_altar_mp_ritualfount
D:2:      layout_basic, basic_altar
D:3:      layout_basic, lemuel_another_geyser
D:4:      layout_layer_cave, chequers_serial_rivers_micro_d
D:5:      layout_basic, nicolae_overflow_crystal_walls, lemuel_round_altar
D:6:      layout_gridville, kennysheep_mini_moat, minmay_temple_entry_grid,
          amcnicky_mini_pool_small, uniq_duvessa
D:7:      layout_layer_cave, marbit_many_paths, okawaru_altar_gauntlet_db,
          grunt_temple_overflow_order_and_chaos_2, grunt_tough_drop, uniq_pikel
D:8:      layout_layer_cave, lemuel_tele_altar,
          nicolae_ru_great_annihilating_truth, enter_bailey_3,
          chequers_serial_rivers_micro_c, kennysheep_cross_room, uniq_harold
D:9:      layout_layer_cave, vehumet_crystals, ebering_ghost_xom, minivault_4,
          amcnicky_mini_rare_corridor_liquid
D:10:     minmay_the_grid_triangle_9x9_rhombus_thin_mashed
          [minmay_the_grid_triangle_9x9_fully_insulated_deathbox,
          minmay_the_grid_triangle_9x9_prize_top_heavy,
          minmay_the_grid_triangle_9x9_longest,
          minmay_the_grid_triangle_9x9_skeleton], layout_grid_maze,
          due_lair_maze_entry_diamond, grunt_decor_junction, minivault_16,
          hangedman_decor_slide_cut, uniq_fannar
D:11:     layout_roguey [special_room_bee], minmay_orc_entry_temple_small,
          hangedman_feature_mirror, uniq_maurice
D:12:     gargoyle_guard, layout_loops_ring, uniq_erolcha
D:13:     layout_basic, grunt_ministairs_1, minmay_guarded_unrand_vampires_tooth
D:14:     layout_rooms, david_vaults_2, bloody_makhleb
D:15:     grunt_enter_depths_magical_seal, layout_irregular_city,
          nicolae_twisting_strands, uniq_rupert, uniq_jorgrun
Lair:1:   layout_big_grid, nicolae_quartered_pool_little,
          chequers_serial_rivers_micro_a
Lair:2:   lemuel_slime, layout_small_grid, palyth_hydra_swamp_entry,
          special_room, hangedman_lair_unloving_vines, lemuel_fruit_tree,
          infiniplex_staircase_pool_2
Lair:3:   layout_regular_city, infiniplex_staircase_pool
Lair:4:   layout_loops_ring, guppyfry_snake_entry_island,
          chequers_serial_rivers_room_a, grunt_megastairs_4
Lair:5:   layout_cave_pods, slime_altar_2, serial_bayou_shore_b,
          serial_bayou_shore_a
Lair:6:   wormcave, layout_long_grid, hangedman_lair_tendril_chambers,
          portal_ice_cave_entry_animals_and_master, serial_rivers,
          chequers_serial_rivers_small_a, chequers_serial_rivers_micro_b,
          chequers_serial_rivers_room_a, chequers_serial_rivers_large_b,
          ice2_lemuel, minmay_lair_oklob_chamber
Swamp:1:  layout_falls_marsh, ebering_ghost_funeral_grove,
          evilmike_swamp_ruin_house_2
Swamp:2:  layout_basic_swamp, nicolae_swamp_dense_foliage, uniq_donald,
          uniq_aizul
Swamp:3:  layout_basic_swamp, serial_swamp_ruin, evilmike_swamp_ruin_house_4,
          evilmike_swamp_ruin_wall, swamp_pool5
Swamp:4:  nzn_swamp_witches_coven, layout_basic_swamp, uniq_bai_suzhen
Snake:1:  layout_gridlike, serial_bayou, serial_bayou_shore_b,
          serial_bayou_pond_b, serial_bayou_pond_d, serial_bayou_pond_b,
          minmay_shop_grove, grunt_megastairs_2
Snake:2:  layout_cave_pods, grunt_ministairs_14, nicolae_snake_round_shape_thing
Snake:3:  layout_honeycomb, basic_altar, grunt_ministairs_4
Snake:4:  grunt_snake_rune_pools, layout_misc_corridors
Orc:1:    layout_diamond_mine
Orc:2:    st_orc_rangers, layout_caves
Elf:1:    eino_elf_arrival_altar, layout_geoelf_grid, serial_shops, shop,
          minmay_elf_demonology, lemuel_flamethrower_3
Elf:2:    layout_gridlike
Elf:3:    minmay_elf_hall_x, layout_loops_corners, special_room
          [special_room_orc], dk_noncrumbling_4
Vaults:1: gammafunk_vaults_ghost_tricky_traps, v_alt_pattern_2,
          nicolae_vaults_little_squares_6, vaults_room_octagon,
          ontoclasm_vaults_chip, special_room_vaults [special_room_orc],
          hangedman_vaults_river_flow, vaults_mumra_minichess,
          nicolae_vaults_asterisk, nicolae_vaults_theta, v_alt_pattern_5,
          nicolae_vaults_diagonal_hallway_6, vaults_dpeg_hooks,
          layout_vaults_ring, uniq_nikola
Vaults:2: v_pattern_4, vaults_room_semicircle, hangedman_vaults_stagger,
          v_misc_4, vaults_room_ringed_pool, layout_vaults_omnigrid, uniq_jory,
          uniq_mara
Vaults:3: dpeg_vaults_monster_row, minmay_crypt_entry_simple_box,
          hangedman_vaults_corner_blocks, hangedman_vaults_impose,
          vaults_room_door_hall, nicolae_vaults_network_barrier,
          nicolae_vaults_asterisk, ontoclasm_vaults_eye, vaults_dpeg_diagonal,
          nicolae_vaults_gold_heap, nicolae_vaults_yaktaur_gun_rack,
          vaults_room_door_hall, nicolae_vaults_shelves_hall,
          ontoclasm_vaults_gateway, layout_vaults_chaotic_city
Vaults:4: hangedman_vaults_snaps, v_misc_10, special_room_vaults
          [special_room_orc], vaults_dpeg_doors, vaults_mumra_hex,
          hangedman_vaults_restitches, grunt_vaults_twisty, vaults_dpeg_cross,
          hangedman_vaults_corner_blocks, hangedman_vaults_cutoff,
          nicolae_vaults_little_squares_4, ontoclasm_vaults_shuriken, v_misc_8,
          layout_vaults_maze_bifur, uniq_margery
Vaults:5: serial_shops

Skill      XL: |  1  2  3  4  5  6  7  8  9 10 11 12 13 14 15 16 17 18 19 20 21 22 |
---------------+-------------------------------------------------------------------+-----
Fighting       | 4 5 6 7 9 10 12 13 14 16 18 20 21 23 24 | 24.5
Axes           | 3 4 5 6 7 9 10 11 12 14 15 18 | 18.0
Shields        | 4 5 6 7 8 10 11 12 13 14 15 | 15.0
Armour         | 4 5 6 7 8 9 10 11 12 13 14 16 17 19 21 22 | 22.6
Dodging        | 1 2 3 4 5 6 7 |  7.5
Evocations     | 1 3 5 6 7 8 9 10 12 | 12.4
Invocations    | 1 3 5 6 9 10 12 14 15 16 | 16.1
Throwing       | |  0.9
Stealth        | |  0.3

Action                   |  1- 3 |  4- 6 |  7- 9 | 10-12 | 13-15 | 16-18 | 19-21 | 22-24 || total
-------------------------+-------+-------+-------+-------+-------+-------+-------+-------++-------
Melee: War axe           |    87 |    20 |       |       |       |   458 |  1257 |    87 ||  1909
       Headbutt          |    10 |    21 |    39 |   173 |   457 |   451 |   446 |    29 ||  1626
       Hand axe          |       |   109 |   270 |   642 |  1636 |  1077 |   279 |       ||  4013
       Broad axe         |       |       |       |       |       |   233 |       |       ||   233
Throw: Dart              |       |       |     2 |       |       |       |     2 |       ||     4
Invok: Divine Shield     |       |       |       |     1 |     1 |     1 |    12 |       ||    15
       Cleansing Flame   |       |       |       |       |     1 |    10 |    30 |     3 ||    44
       Summon Divine War |       |       |       |       |       |     4 |    11 |       ||    15
       Brand Weapon With |       |       |       |       |       |     1 |       |       ||     1
Evoke: Wand              |       |       |       |    16 |       |     2 |       |       ||    18
  Use: Scroll            |       |       |    13 |    11 |    14 |    15 |     5 |     3 ||    61
       Potion            |       |       |       |     6 |     3 |    26 |     7 |     4 ||    46
Armor: Scale mail        |    26 |       |       |       |       |       |       |       ||    26
       Plate armour      |    15 |    70 |   186 |   281 |   667 |   624 |   645 |    89 ||  2577
       Skin              |       |       |       |       |       |     7 |       |       ||     7
Dodge: Dodged            |    24 |    14 |    53 |   131 |   285 |   292 |   313 |    47 ||  1159
Block: Kite shield       |    49 |    71 |   170 |   342 |   875 |   797 |  1497 |   124 ||  3925
       Other             |       |       |       |       |       |    12 |       |       ||    12

Table legend: (Time is in decaauts)
 A = Elapsed time spent in this place.
 B = Non-inter-level travel time spent in this place.
 C = Inter-level travel time spent in this place.
 D = Time resting spent in this place.
 E = Time spent auto-exploring this place.
 F = Levels seen in this place.
 G = Mean time per level.
                   A        B        C        D        E       F      G
               +--------+--------+--------+--------+--------+-----+--------+
         Total |  49642 |  46907 |   2735 |  14461 |  22680 |  43 | 1154.5 |
       Dungeon |  15277 |  13977 |   1300 |   1584 |   9774 |  15 | 1018.5 |
          Lair |   6096 |   5595 |    501 |    644 |   3861 |   6 | 1016.0 |
         Swamp |   5663 |   5553 |    110 |   2726 |   1905 |   4 | 1415.8 |
     Snake Pit |   6303 |   6143 |    160 |   3284 |   1922 |   4 | 1575.8 |
  Orcish Mines |   1837 |   1513 |    324 |    278 |    850 |   2 |  918.5 |
   Elven Halls |   7716 |   7378 |    338 |   3107 |   2558 |   3 | 2572.0 |
        Vaults |   5295 |   5295 |      0 |   2651 |   1389 |   5 | 1059.0 |
         Abyss |    768 |    768 |      0 |    144 |    140 |   2 |  384.0 |
        Bailey |    147 |    147 |      0 |      3 |      3 |   1 |  147.0 |
      Ice Cave |    536 |    536 |      0 |     39 |    278 |   1 |  536.0 |
               +--------+--------+--------+--------+--------+-----+--------+

Top non-repeatable levels by time:
 Snake:3: 3847 daAuts
   Elf:3: 3583 daAuts
Vaults:4: 2553 daAuts
  Lair:6: 2355 daAuts
 Swamp:4: 2297 daAuts
   Elf:2: 2208 daAuts
   Elf:1: 1924 daAuts
    D:10: 1633 daAuts
 Snake:4: 1558 daAuts
    D:11: 1515 daAuts
     D:4: 1426 daAuts
 Swamp:1: 1399 daAuts
    D:13: 1281 daAuts
  Lair:2: 1263 daAuts
Vaults:1: 1246 daAuts
